 Dungeon Crawl Stone Soup version 0.29-a0-542-g075992c915 (webtiles) character file.

Game seed: 8613605540839926186

218 gnolly the Skirmisher (level 5, -2/42 HPs)
             Began as a Mummy Cinder Acolyte on June 3, 2022.
             Was a Priest of Ignis.
             Slain by a river rat (6 damage)
             ... in a sewer.
             The game lasted 00:12:07 (3895 turns).

gnolly the Skirmisher (Mummy Cinder Acolyte)        Turns: 3895, Time: 00:12:07

Health: -2/42      AC:  3    Str: 17    XL:     5   Next: 63%
Magic:  1/10       EV: 11    Int: 15    God:    Ignis [***...]
Gold:   137        SH:  0    Dex:  8    Spells: 8/10 levels left

rFire   . . .      SeeInvis .   a - -1 mace (flame)
rCold   + . .      Faith    .   (no shield)
rNeg    + + +      Spirit   .   b - +0 robe
rPois   ∞          Reflect  .   (no helmet)
rElec   .          Harm     .   (no cloak)
rCorr   .          Rampage  .   (no gloves)
Will    .....                   g - +0 pair of boots
Stlth   +.........              (no amulet)
HPRegen 0.14/turn               (no ring)
MPRegen 0.12/turn               (no ring)

@: no status effects
A: cold resistance 1, negative energy resistance 3, torment resistance 2, heat
vulnerability 1, in touch with death 1, no potions
a: Renounce Religion, Fiery Armour, Foxfire Swarm, Rising Flame


You were in a sewer.
You worshipped Ignis.
Ignis was most pleased with you.
You visited 1 branch of the dungeon, and saw 3 of its levels.
You also visited: Sewer.

You collected 137 gold pieces.

Inventory:

Hand Weapons
 a - a -1 mace of flaming (weapon)
Missiles
 c - 4 poisoned darts (quivered)
 h - a throwing net
Armour
 b - a +0 robe (worn)
 g - a +0 pair of boots (worn)
Scrolls
 d - a scroll of fear
 e - a scroll of enchant armour
 i - a scroll of blinking {unknown}
 j - 2 scrolls of amnesia
 k - a scroll of immolation {unknown}
 l - 2 scrolls of teleportation {unknown}
 m - 2 scrolls of noise {unknown}


   Skills:
 + Level 4.0 Fighting
 + Level 3.2 Maces & Flails
 + Level 3.4 Spellcasting
 + Level 1.0 Conjurations
 + Level 3.2 Fire Magic


You had 8 spell levels left.
You knew the following spells:

 Your Spells              Type           Power      Damage    Failure   Level
a - Scorch                Fire           24%        2d6       8%          2

Your spell library contained the following spells:

 Spells                   Type           Power      Damage    Failure   Level


Dungeon Overview and Level Annotations

Branches:
Dungeon (3/15)              Sewer (1/1)

Altars:
Okawaru


Innate Abilities, Weirdness & Mutations

You are immune to poison.
Your flesh is cold resistant. (rC+)
You are immune to negative energy. (rN+++)
You are immune to unholy pain and torment.
You are vulnerable to heat. (rF-)
You are in touch with the powers of death.
You do not drink.


Message History

Confirm with . or Enter, or press ? or * to list all spells.
Flames lash the river rat.
The river rat is severely wounded.
The river rat barely misses you.
Casting: Scorch (safe; 8% risk of failure)
Confirm with . or Enter, or press ? or * to list all spells.
You don't have enough magic to cast this spell.
You barely miss the river rat.
The river rat is severely wounded.
The river rat bites you.
You closely miss the river rat.
The river rat is severely wounded.
The river rat misses you.
You closely miss the river rat.
The river rat is severely wounded.
The river rat is no longer more vulnerable to fire.
The river rat bites you but does no damage. x2
You closely miss the river rat.
The river rat is severely wounded.
The river rat bites you.
* * * LOW HITPOINT WARNING * * *
Your magical contamination has completely faded away.
Casting: Scorch (safe; 8% risk of failure)
Confirm with . or Enter, or press ? or * to list all spells.
You don't have enough magic to cast this spell.
Casting: Scorch (safe; 8% risk of failure)
Confirm with . or Enter, or press ? or * to list all spells.
You don't know that spell.
You barely miss the river rat.
The river rat is severely wounded.
The river rat misses you.
You barely miss the river rat.
The river rat is severely wounded.
The river rat bites you but does no damage.
You barely miss the river rat.
The river rat is severely wounded.
The river rat bites you!
* * * LOW HITPOINT WARNING * * *
The river rat bites you.
You die...

≈≈≈≈≈≈≈≈≈≈.≈≈.≈..≈≈≈≈≈≈≈≈≈≈≈≈.≈≈
≈≈≈≈≈≈≈≈≈≈≈≈≈≈≈≈≈≈≈≈≈≈≈≈≈≈≈≈≈≈≈≈
≈≈≈≈≈≈≈≈≈≈≈≈≈≈≈≈≈≈≈≈≈≈≈.≈.≈≈≈.≈.
#######≈≈≈######################
#≈≈≈# ###### #.≈≈# #!!!!#
#≈≈≈#####''#####+
#.≈≈≈.≈..........
#.≈≈≈≈...@.......
#≈≈≈#####r'#####+ #.≈≈# ....#
#≈≈≈# ###### #≈≈≈# #≈≈≈≈ #.≈.≈≈
#≈≈≈≈.≈


You could see a river rat.

Vanquished Creatures
  An ogre (D:3)
  3 adders
  2 river rats
  4 worms
  2 dart slugs
  An orc (D:3)
  8 endoplasms
  3 giant cockroaches
  7 goblins
  6 hobgoblins
  5 jackals
  3 kobolds
  5 quokkas
  3 ball pythons
  5 bats
  2 frilled lizards
  10 rats
70 creatures vanquished.

Vanquished Creatures (others)
  48 foxfires
48 creatures vanquished.

Grand Total: 118 creatures vanquished

Notes
Turn   | Place    | Note
-------+----------+-------------------------------------------
     0 | D:1      | gnolly the Mummy Cinder Acolyte began the quest for the
                  | Orb.
     0 | D:1      | Reached XP level 1. HP: 18/18 MP: 2/2
   337 | D:1      | Reached XP level 2. HP: 12/24 MP: 4/4
  1604 | D:2      | Learned a level 2 spell: Scorch
  1608 | D:2      | Gained mutation: You are in touch with the powers of death.
                  | [Mummy growth]
  1608 | D:2      | Reached XP level 3. HP: 29/29 MP: 1/6
  2444 | D:2      | Found an iron altar of Okawaru.
  2872 | D:3      | Reached XP level 4. HP: 35/35 MP: 7/7
  3398 | D:3      | Noticed an ogre
  3404 | D:3      | Killed an ogre
  3405 | D:3      | Reached XP level 5. HP: 28/42 MP: 9/9
  3446 | D:3      | Reached skill level 1 in Conjurations
  3455 | D:3      | Found a glowing drain.
  3458 | D:3      | Reached skill level 4 in Fighting
  3464 | Sewer    | Entered a sewer
  3895 | Sewer    | Slain by a river rat

Illustrated notes

Levels and vault maps discovered:
D:1:      dpeg_arrival_boxes_within_box, layout_basic
D:2:      layout_loops_corners, basic_altar
D:3:      layout_rooms, portal_sewer_entry_e
Sewer:    sewer_fruit_machine

Skill      XL: |  1  2  3  4  5 |
---------------+----------------+-----
Spellcasting   | 2 3 |  3.4
Fire Magic     | 3 |  3.2
Maces & Flails | 3 |  3.2
Conjurations   | 1 |  1.0
Fighting       | 4 |  4.0

Action                   |  1- 3 |  4- 6 || total
-------------------------+-------+-------++-------
Melee: Mace              |    52 |    50 ||   102
       Punch             |     1 |       ||     1
Throw: Dart              |     2 |    11 ||    13
 Cast: Scorch            |    22 |    21 ||    43
Invok: Foxfire Swarm     |     1 |     3 ||     4
  Use: Scroll            |     3 |       ||     3
Armor: Robe              |    16 |    18 ||    34
Dodge: Dodged            |    42 |    60 ||   102

Table legend: (Time is in decaauts)
 A = Elapsed time spent in this place.
 B = Non-inter-level travel time spent in this place.
 C = Inter-level travel time spent in this place.
 D = Time resting spent in this place.
 E = Time spent auto-exploring this place.
 F = Levels seen in this place.
 G = Mean time per level.
                   A        B        C        D        E       F      G
               +--------+--------+--------+--------+--------+-----+--------+
         Total |   3951 |   3743 |    208 |    494 |   2415 |   4 |  987.8 |
       Dungeon |   3490 |   3282 |    208 |    184 |   2415 |   3 | 1163.3 |
         Sewer |    460 |    460 |      0 |    310 |      0 |   1 |  460.0 |
               +--------+--------+--------+--------+--------+-----+--------+

Top non-repeatable levels by time:
     D:2: 1702 daAuts
     D:1: 1147 daAuts
     D:3: 640 daAuts
   Sewer: 460 daAuts
